APP
GRAND JUNCTION ROCKIES @ PHILADELPHIA (APP) PHILLIES
07/31/2044
 
TOP OF THE 1ST
Grand Junction Rockies batting - Pitching for Philadelphia (APP) Phillies : LHP Eddie San Miguel
Pitching: LHP Eddie San Miguel
Batting: RHB Juan Figueroa 0-0: Foul Ball, location: 2F
0-1: Swinging Strike
0-2: Ball
1-2: Foul Ball, location: 2F
1-2: Ground out 3-1 (Groundball, 34, EV 90.0 MPH)
Batting: RHB John Boyer 0-0: Ball
1-0: Ball
2-0: SINGLE (Groundball, 56, EV 101.3 MPH) (infield hit)
Batting: RHB Ryan Rinaldi 0-0: SINGLE (Groundball, 56D, EV 97.5 MPH)
John Boyer to second
Batting: RHB Willis Morales 0-0: Called Strike
0-1: Grounds into double play, 5-4-3 (Groundball, 15, EV 91.3 MPH)
Top of the 1st over - 0 runs, 2 hits, 0 errors, 1 left on base; Grand Junction 0 - Philadelphia (APP) 0
BOTTOM OF THE 1ST
Philadelphia (APP) Phillies batting - Pitching for Grand Junction Rockies : RHP Don Boudreau
Pitching: RHP Don Boudreau
Batting: LHB Matt Urbanek 0-0: Ball
1-0: Called Strike
1-1: Swinging Strike
1-2: Ball
2-2: Foul Ball, location: 2F
2-2: Foul Ball, location: 2F
2-2: Ball
3-2: TRIPLE (Groundball, 3L, EV 102.5 MPH)
Batting: RHB Carlos Morejon 0-0: Swinging Strike
0-1: Called Strike
0-2: Strikes out swinging
Batting: RHB Kyle Reilly 0-0: Ball
1-0: Ball
2-0: Ground out 5-3 (Groundball, 5S, EV 70.0 MPH)
Batting: RHB Seung-mun Kim 0-0: Ball
1-0: Foul Ball, location: 2F
1-1: Ball
2-1: Ball
3-1: Base on Balls
Batting: LHB Danny Zuniga 0-0: Ball
1-0: Ball
2-0: Ball
3-0: Foul Ball, location: 2F
3-1: Base on Balls
Seung-mun Kim to second
Batting: LHB Eric Farren 0-0: Ball
1-0: Ball
2-0: Ball
3-0: Base on Balls
Matt Urbanek scores
Seung-mun Kim to third
Danny Zuniga to second
Batting: RHB Vaclav Been 0-0: Ball
1-0: Swinging Strike
1-1: Ball
2-1: Ball
3-1: Swinging Strike
3-2: Strikes out looking
Bottom of the 1st over - 1 run, 1 hit, 0 errors, 3 left on base; Grand Junction 0 - Philadelphia (APP) 1
TOP OF THE 2ND
Grand Junction Rockies batting - Pitching for Philadelphia (APP) Phillies : LHP Eddie San Miguel
Batting: RHB John Stevenson 0-0: Fly out, F8 (Flyball, 89S, EV 96.9 MPH)
Batting: SHB Jeff Sorrels 0-0: Called Strike
0-1: Swinging Strike
0-2: Ball
1-2: Ball
2-2: SINGLE (Line Drive, 7S, EV 97.5 MPH)
Batting: RHB Zakhar Edelman 0-0: Ball
1-0: Ball
2-0: Foul Ball, location: 2F
2-1: Called Strike
2-2: Hit by Pitch
Jeff Sorrels to second
Batting: SHB Jamie Mims 0-0: Called Strike
0-1: Ball
1-1: SINGLE (Groundball, 6, EV 96.3 MPH)
Jeff Sorrels to third
Zakhar Edelman to second
Batting: RHB Keith Giarratano 0-0: Ball
1-0: Ball
2-0: Called Strike
2-1: Ball
3-1: Base on Balls
Jeff Sorrels scores
Zakhar Edelman to third
Jamie Mims to second
Batting: RHB Juan Figueroa 0-0: Ball
1-0: Swinging Strike
1-1: Swinging Strike
1-2: Strikes out swinging
Batting: RHB John Boyer 0-0: Ball
1-0: DOUBLE (Groundball, 5L, EV 105.0 MPH)
Zakhar Edelman scores
Jamie Mims scores
Keith Giarratano to third
Runner from 3rd tries for Home, SAFE, no throw by LF
Batting: RHB Ryan Rinaldi 0-0: Called Strike
0-1: Foul Ball, location: 2F
0-2: Foul Ball, location: 2F
0-2: Ball
1-2: Ball
2-2: Ball
Wild Pitch!
John Boyer to third
3-2: Fly out, F7 (Flyball, 78D, EV 100.6 MPH)
Top of the 2nd over - 4 runs, 3 hits, 0 errors, 1 left on base; Grand Junction 4 - Philadelphia (APP) 1
BOTTOM OF THE 2ND
Philadelphia (APP) Phillies batting - Pitching for Grand Junction Rockies : RHP Don Boudreau
Batting: LHB Josh George 0-0: Ground out U3 (Groundball, 3L, EV 78.1 MPH)
Batting: RHB Mark Schultz 0-0: Ball
1-0: Swinging Strike
1-1: Swinging Strike
1-2: Ground out U3 (Groundball, 34, EV 91.9 MPH)
Batting: LHB Matt Urbanek 0-0: Fly out, F3 (Flyball, 3D, EV 93.1 MPH)
Bottom of the 2nd over - 0 runs, 0 hits, 0 errors, 0 left on base; Grand Junction 4 - Philadelphia (APP) 1
TOP OF THE 3RD
Grand Junction Rockies batting - Pitching for Philadelphia (APP) Phillies : LHP Eddie San Miguel
Batting: RHB Willis Morales 0-0: Called Strike
0-1: Ball
1-1: Called Strike
1-2: Strikes out swinging
Batting: RHB John Stevenson 0-0: Swinging Strike
0-1: Ball
1-1: Foul Ball, location: 2F
1-2: Ball
2-2: Foul Ball, location: 2F
2-2: Foul Ball, location: 2F
2-2: Ground out 4-3 (Groundball, 4, EV 86.3 MPH)
Batting: SHB Jeff Sorrels 0-0: Called Strike
0-1: Ball
1-1: Foul Ball, location: 2F
1-2: Ball
2-2: Strikes out looking
Top of the 3rd over - 0 runs, 0 hits, 0 errors, 0 left on base; Grand Junction 4 - Philadelphia (APP) 1
BOTTOM OF THE 3RD
Philadelphia (APP) Phillies batting - Pitching for Grand Junction Rockies : RHP Don Boudreau
Batting: RHB Carlos Morejon 0-0: Ball
1-0: Swinging Strike
1-1: Ball
2-1: Ball
3-1: Swinging Strike
3-2: Strikes out swinging, 2-3 out at first.
Batting: RHB Kyle Reilly 0-0: Ball
1-0: Fly out, F8 (Flyball, 8RD, EV 94.4 MPH)
Batting: RHB Seung-mun Kim 0-0: Swinging Strike
0-1: Ball
1-1: Foul Ball, location: 2F
1-2: Ball
2-2: Hit by Pitch
Batting: LHB Danny Zuniga 0-0: Foul Ball, location: 2F
0-1: SINGLE (Line Drive, 7S, EV 101.9 MPH)
Seung-mun Kim to second
Batting: LHB Eric Farren 0-0: Ground out 4-3 (Groundball, 4, EV 80.6 MPH)
Bottom of the 3rd over - 0 runs, 1 hit, 0 errors, 2 left on base; Grand Junction 4 - Philadelphia (APP) 1
TOP OF THE 4TH
Grand Junction Rockies batting - Pitching for Philadelphia (APP) Phillies : LHP Eddie San Miguel
Batting: RHB Zakhar Edelman 0-0: Called Strike
0-1: Ball
1-1: Fly out, F9 (Line Drive, 9, EV 84.4 MPH)
Batting: SHB Jamie Mims 0-0: Ball
1-0: Ball
2-0: Ball
3-0: Called Strike
3-1: Foul Ball, location: 2F
3-2: Ground out 5-3 (Groundball, 56S, EV 65.0 MPH)
Batting: RHB Keith Giarratano 0-0: Ball
1-0: SINGLE (Groundball, 4MD, EV 96.3 MPH)
Batting: RHB Juan Figueroa 0-0: Ball
1-0: Fly out, F7 (Line Drive, 7, EV 89.4 MPH)
Top of the 4th over - 0 runs, 1 hit, 0 errors, 1 left on base; Grand Junction 4 - Philadelphia (APP) 1
BOTTOM OF THE 4TH
Philadelphia (APP) Phillies batting - Pitching for Grand Junction Rockies : RHP Don Boudreau
Batting: RHB Vaclav Been 0-0: Ball
1-0: Ball
2-0: Called Strike
2-1: Ball
3-1: Called Strike
3-2: Foul Ball, location: 2F
3-2: Foul Ball, location: 2F
3-2: Ground out 6-3 (Groundball, 6, EV 82.5 MPH)
Batting: LHB Josh George 0-0: Ball
1-0: Ball
2-0: Ball
3-0: Called Strike
3-1: Called Strike
3-2: Base on Balls
Batting: RHB Mark Schultz 0-0: Ball
1-0: Ball
2-0: Called Strike
2-1: Ball
3-1: SINGLE (Line Drive, 89M, EV 103.1 MPH)
Josh George to second
Pitching: RHP Jim Micaletti
Batting: LHB Matt Urbanek 0-0: Called Strike
0-1: DOUBLE (Line Drive, 9LD, EV 101.9 MPH)
Josh George scores
Mark Schultz to third
Runner from 3rd tries for Home, SAFE, throw by RF to trailing runner, SAFE at third!
Batting: RHB Carlos Morejon 0-0: Ball
1-0: Ball
2-0: Called Strike
2-1: Ground out 5-3 (Groundball, 56, EV 87.5 MPH)
Matt Urbanek scores
Batting: RHB Kyle Reilly 0-0: Foul Ball, location: 2F
0-1: Ball
1-1: Ball
2-1: SINGLE (Groundball, 34D, EV 96.9 MPH)
Batting: RHB Seung-mun Kim 0-0: Ball
Kyle Reilly is caught stealing 2nd base 2-4
Bottom of the 4th over - 3 runs, 3 hits, 0 errors, 0 left on base; Grand Junction 4 - Philadelphia (APP) 4
TOP OF THE 5TH
Grand Junction Rockies batting - Pitching for Philadelphia (APP) Phillies : LHP Eddie San Miguel
Batting: RHB John Boyer 0-0: Called Strike
0-1: Ball
1-1: Reached on error, E6 (Groundball, 56, EV 89.4 MPH)
Batting: RHB Ryan Rinaldi 0-0: Foul Ball, location: 2F
0-1: Ball
1-1: Fly out, F7 (Flyball, 7S, EV 96.9 MPH)
Batting: RHB Willis Morales 0-0: Ball
1-0: Ball
2-0: Ball
3-0: Base on Balls
Batting: RHB John Stevenson 0-0: Ball
1-0: Fly out, F4 (Popup, 3D, EV 73.1 MPH)
Batting: SHB Jeff Sorrels 0-0: Ball
1-0: Foul Ball, location: 2F
1-1: Ball
2-1: Ball
3-1: Foul Ball, location: 2F
3-2: Fly out, F7 (Flyball, 78S, EV 92.5 MPH)
Top of the 5th over - 0 runs, 0 hits, 1 error, 2 left on base; Grand Junction 4 - Philadelphia (APP) 4
BOTTOM OF THE 5TH
Philadelphia (APP) Phillies batting - Pitching for Grand Junction Rockies : RHP Jim Micaletti
Batting: RHB Seung-mun Kim 0-0: Ball
1-0: DOUBLE (Line Drive, 3D, EV 101.3 MPH)
Batting: LHB Danny Zuniga 0-0: Foul Ball, location: 2F
0-1: Ball
1-1: Ball
Passed Ball!
Seung-mun Kim to third
2-1: Called Strike
2-2: Ball
3-2: DOUBLE (Line Drive, 7LM, EV 102.5 MPH)
Seung-mun Kim scores
Batting: LHB Eric Farren 0-0: Ball
1-0: Ball
2-0: Ball
3-0: Base on Balls
Batting: RHB Vaclav Been 0-0: Swinging Strike
0-1: Ball
1-1: Ball
2-1: DOUBLE (Line Drive, 7LS, EV 103.1 MPH)
Danny Zuniga scores
Eric Farren to third
Batting: LHB Josh George 0-0: Called Strike
0-1: SINGLE (Line Drive, 78S, EV 111.9 MPH)
Eric Farren scores
Vaclav Been to third
Batting: RHB Mark Schultz 0-0: SINGLE (Line Drive, 9S, EV 105.6 MPH)
Vaclav Been scores
Josh George to second
Batting: LHB Matt Urbanek 0-0: Ball
1-0: Grounds into double play, 4-6-3 (Groundball, 4, EV 85.6 MPH)
Josh George to third
Batting: RHB Carlos Morejon 0-0: Ball
1-0: Ball
2-0: Ball
3-0: Base on Balls
Batting: RHB Kyle Reilly 0-0: Called Strike
0-1: Swinging Strike
0-2: Ball
1-2: Strikes out looking
Bottom of the 5th over - 4 runs, 5 hits, 0 errors, 2 left on base; Grand Junction 4 - Philadelphia (APP) 8
TOP OF THE 6TH
Grand Junction Rockies batting - Pitching for Philadelphia (APP) Phillies : LHP Eddie San Miguel
Pitching: LHP Ignacio Amaya
Batting: RHB Zakhar Edelman 0-0: TRIPLE (Flyball, 78XD, EV 113.1 MPH)
Batting: SHB Jamie Mims 0-0: Called Strike
0-1: Ball
1-1: Swinging Strike
1-2: Strikes out swinging
Batting: RHB Keith Giarratano 0-0: Foul Ball, location: 2F
0-1: Ball
1-1: Fly out, F8 (Flyball, 8LS, EV 86.3 MPH)
Batting: RHB Juan Figueroa 0-0: Ball
1-0: SINGLE (Groundball, 4MD, EV 102.5 MPH) (infield hit)
Zakhar Edelman scores
Batting: RHB John Boyer 0-0: Ball
1-0: Foul Ball, location: 2F
1-1: SINGLE (Flyball, 89S, EV 90.0 MPH)
Juan Figueroa to second
Runner from 2nd tries for 3rd, SAFE, throw by RF made to third
Batting: RHB Ryan Rinaldi 0-0: Foul Ball, location: 2F
0-1: Ball
1-1: Foul Ball, location: 2F
1-2: Ball
2-2: Foul Ball, location: 2F
2-2: SINGLE (Line Drive, 89S, EV 87.5 MPH)
Juan Figueroa scores
John Boyer to second
Pitching: RHP Francisco Tejada
Pinch Hitting: LHB Steve Gilliam 0-0: Ball
1-0: Ball
2-0: Ball
3-0: Called Strike
3-1: Foul Ball, location: 2F
3-2: Ground out 4-3 (Groundball, 4, EV 82.5 MPH)
Top of the 6th over - 2 runs, 4 hits, 0 errors, 2 left on base; Grand Junction 6 - Philadelphia (APP) 8
BOTTOM OF THE 6TH
Philadelphia (APP) Phillies batting - Pitching for Grand Junction Rockies : RHP Jim Micaletti
Now at SS: Willie Benito
Batting: RHB Seung-mun Kim 0-0: Ball
1-0: Ball
2-0: Called Strike
2-1: Called Strike
2-2: SOLO HOME RUN (Flyball, 78XD, EV 111.9 MPH), Distance : 412 ft
Batting: LHB Danny Zuniga 0-0: Ball
1-0: Ball
2-0: Ball
3-0: Base on Balls
Batting: LHB Eric Farren 0-0: Ball
1-0: Ball
Wild Pitch!
Danny Zuniga to second
2-0: Called Strike
2-1: Foul Ball, location: 2F
2-2: Ball
3-2: 2-RUN HOME RUN (Flyball, 9D, EV 95.0 MPH), Distance : 350 ft
Pitching: LHP Luke Coulter
Batting: RHB Vaclav Been 0-0: Ball
1-0: Ball
2-0: Called Strike
2-1: Ball
3-1: Base on Balls
Batting: LHB Josh George 0-0: Ball
1-0: SINGLE (Line Drive, 8RS, EV 103.1 MPH)
Vaclav Been to second
Batting: RHB Mark Schultz 0-0: Grounds into double play, 6-4-3 (Groundball, 6, EV 109.4 MPH)
Vaclav Been to third
Batting: LHB Matt Urbanek 0-0: SINGLE (Groundball, 56D, EV 99.4 MPH)
Vaclav Been scores
Batting: RHB Carlos Morejon 0-0: Ball
1-0: DOUBLE (Flyball, 89XD, EV 99.4 MPH)
Matt Urbanek to third
Runner from 3rd tries for Home, SAFE, throw by CF to trailing runner, SAFE at third!
Batting: RHB Kyle Reilly 0-0: Called Strike
0-1: Hit by Pitch
Batting: RHB Seung-mun Kim 0-0: Foul Ball, location: 2F
0-1: Foul Ball, location: 2F
0-2: Fly out, F7 (Flyball, 7S, EV 95.0 MPH)
Bottom of the 6th over - 5 runs, 5 hits, 0 errors, 2 left on base; Grand Junction 6 - Philadelphia (APP) 13
TOP OF THE 7TH
Grand Junction Rockies batting - Pitching for Philadelphia (APP) Phillies : RHP Francisco Tejada
Pinch Hitting: RHB Chris Osting 0-0: Ball
1-0: Ball
2-0: Foul Ball, location: 2F
2-1: Foul Ball, location: 2F
2-2: Ball
3-2: Foul Ball, location: 2F
3-2: SOLO HOME RUN (Flyball, 78XD, EV 98.1 MPH), Distance : 406 ft
Batting: SHB Jeff Sorrels 0-0: Ball
1-0: Swinging Strike
1-1: Called Strike
1-2: Ball
2-2: Foul Ball, location: 2F
2-2: Ball
3-2: Foul Ball, location: 2F
3-2: Ground out U3 (Groundball, 3, EV 86.3 MPH)
Batting: RHB Zakhar Edelman 0-0: SINGLE (Line Drive, 89S, EV 94.4 MPH)
Batting: SHB Jamie Mims 0-0: Ball
Zakhar Edelman steals 2nd base
1-0: Ball
Zakhar Edelman steals 3rd base
2-0: Called Strike
2-1: SINGLE (Groundball, 4MD, EV 96.9 MPH)
Zakhar Edelman scores
Batting: RHB Keith Giarratano 0-0: Ball
Jamie Mims steals 2nd base
1-0: Called Strike
1-1: Foul Ball, location: 2F
1-2: Ball
2-2: Ball
3-2: Strikes out swinging
Pitching: RHP Tony Trevino
Batting: RHB Juan Figueroa 0-0: Called Strike
0-1: Called Strike
0-2: Ball
1-2: Ball
2-2: Strikes out looking
Top of the 7th over - 2 runs, 3 hits, 0 errors, 1 left on base; Grand Junction 8 - Philadelphia (APP) 13
BOTTOM OF THE 7TH
Philadelphia (APP) Phillies batting - Pitching for Grand Junction Rockies : LHP Luke Coulter
Now in LF: Chris Osting
Now in CF: Zakhar Edelman
Batting: LHB Danny Zuniga 0-0: Ball
1-0: Ball
2-0: Ball
3-0: Called Strike
3-1: Called Strike
3-2: SINGLE (Line Drive, 8LS, EV 88.1 MPH)
Batting: LHB Eric Farren 0-0: Ball
1-0: Ball
2-0: Called Strike
2-1: Fielders Choice at 2nd, 6-4 (Groundball, 6M, EV 90.0 MPH)
Batting: RHB Vaclav Been 0-0: Called Strike
Eric Farren steals 2nd, throwing error, E2
Eric Farren to third
0-1: Ball
1-1: Called Strike
1-2: Ball
2-2: Ball
3-2: Base on Balls
Batting: LHB Josh George 0-0: Called Strike
0-1: Fly out, F8 (Flyball, 8RXD, EV 88.8 MPH)
Runner from 3rd tags up, SCORES, no throw by CF
Batting: RHB Mark Schultz 0-0: Swinging Strike
0-1: Ball
1-1: Fly out, F6 (Popup, 6M, EV 73.1 MPH)
Bottom of the 7th over - 1 run, 1 hit, 1 error, 1 left on base; Grand Junction 8 - Philadelphia (APP) 14
TOP OF THE 8TH
Grand Junction Rockies batting - Pitching for Philadelphia (APP) Phillies : RHP Tony Trevino
Batting: RHB John Boyer 0-0: SOLO HOME RUN (Flyball, 78XD, EV 101.9 MPH), Distance : 405 ft
Batting: RHB Ryan Rinaldi 0-0: Ball
1-0: Called Strike
1-1: Ball
2-1: Ground out 1-3 (Groundball, 34S, EV 69.4 MPH)
Pinch Hitting: LHB Zack Guillen 0-0: Swinging Strike
0-1: Swinging Strike
0-2: Foul Ball, location: 2F
0-2: Ball
1-2: Ball
2-2: Ball
3-2: Strikes out swinging wild pitch, reaches first!
Batting: RHB Chris Osting 0-0: Ball
1-0: Fly out, F9 (Flyball, 89M, EV 90.6 MPH)
Batting: SHB Jeff Sorrels 0-0: Called Strike
0-1: Ball
1-1: Ball
2-1: Ball
Wild Pitch!
Zack Guillen to second
3-1: Ground out 4-3 (Groundball, 4, EV 81.9 MPH)
Top of the 8th over - 1 run, 1 hit, 0 errors, 1 left on base; Grand Junction 9 - Philadelphia (APP) 14
BOTTOM OF THE 8TH
Philadelphia (APP) Phillies batting - Pitching for Grand Junction Rockies : LHP Luke Coulter
Now at 2B: Harry Folsom
Now at SS: Jamie Mims
Batting: LHB Matt Urbanek 0-0: Ball
1-0: Ground out 4-3 (Groundball, 4M, EV 83.8 MPH)
Batting: RHB Carlos Morejon 0-0: Ball
1-0: Called Strike
1-1: Foul Ball, location: 2F
1-2: Ball
2-2: Ground out U3 (Groundball, 34, EV 100.6 MPH)
Batting: RHB Kyle Reilly 0-0: Foul Ball, location: 2F
0-1: Ball
1-1: Foul Ball, location: 2F
1-2: SINGLE (Line Drive, 78M, EV 106.3 MPH)
Batting: RHB Seung-mun Kim 0-0: Ball
Kyle Reilly steals 2nd base
1-0: Ball
2-0: Ball
3-0: Base on Balls
Batting: LHB Danny Zuniga 0-0: Foul Ball, location: 2F
0-1: Foul Ball, location: 2F
0-2: Ball
Wild Pitch!
Kyle Reilly to third
Seung-mun Kim to second
1-2: Fly out, F7 (Line Drive, 7, EV 105.0 MPH)
Bottom of the 8th over - 0 runs, 1 hit, 0 errors, 2 left on base; Grand Junction 9 - Philadelphia (APP) 14
TOP OF THE 9TH
Grand Junction Rockies batting - Pitching for Philadelphia (APP) Phillies : RHP Tony Trevino
Pitching: RHP Lucas McPhillie
Batting: RHB Zakhar Edelman 0-0: Called Strike
0-1: Foul Ball, location: 2F
0-2: Ball
1-2: Foul Ball, location: 2F
1-2: Ground out U3 (Groundball, 13, EV 85.6 MPH)
Batting: SHB Jamie Mims 0-0: Ball
1-0: Fly out, F4 (Flyball, 4MD, EV 83.8 MPH)
Batting: RHB Keith Giarratano 0-0: Called Strike
0-1: Ball
1-1: Ball
2-1: Ball
3-1: Base on Balls
Batting: RHB Juan Figueroa 0-0: Ball
1-0: Ball
2-0: Ball
3-0: Base on Balls
Keith Giarratano to second
Batting: RHB John Boyer 0-0: Called Strike
0-1: Ball
1-1: Called Strike
1-2: Fly out, F8 (Flyball, 8LD, EV 97.5 MPH)
Top of the 9th over - 0 runs, 0 hits, 0 errors, 2 left on base; Grand Junction 9 - Philadelphia (APP) 14
Thursday, March 31st , 2022 - OOTP Baseball 22.12 Build 89